 Dungeon Crawl Stone Soup version 0.23-a0-643-g9ccc95a (webtiles) character file.

1001 tidbits the Caller (level 8, -3/58 HPs)
             Began as a Gnoll Summoner on Dec 31, 2018.
             Slain by a killer bee zombie (4 damage)
             ... on level 6 of the Dungeon.
             The game lasted 00:19:23 (1891 turns).

tidbits the Caller (Gnoll Summoner)                 Turns: 1891, Time: 00:19:24

Health: -3/58      AC:  6    Str: 14    XL:     8   Next: 20%
Magic:  13/16      EV: 15    Int: 25    God:
Gold:   141        SH:  0    Dex: 15    Spells: 8/18 levels left

rFire    . . .     SeeInvis +   b - +5 quarterstaff of Revolt {venom, +Rage Str+4 Int+4}
rCold    . . .     Gourm    .   (shield currently unavailable)
rNeg     + . .     Faith    .   B - +1 robe {rN+}
rPois    +         Spirit   .   (no helmet)
rElec    .         Reflect  .   C - +1 cloak
rCorr    .         Harm     .   n - +0 pair of gloves
MR       .....                  (no boots)
Stlth    +++.......             (no amulet)
HPRegen  0.19/turn              P - ring of poison resistance
MPRegen  0.15/turn              I - ring of see invisible

@: no status effects
A: distributed training, fangs 1, strong nose
a: Evoke Berserk Rage


You were on level 6 of the Dungeon.
You were hungry.

You visited 1 branch of the dungeon, and saw 6 of its levels.

You collected 207 gold pieces.
You spent 66 gold pieces at shops.

Inventory:

Hand Weapons
 a - a +0 dagger of venom
   (You bought it in a shop on level 5 of the Dungeon)
 b - the +5 quarterstaff of Revolt (weapon) {venom, +Rage Str+4 Int+4}
   (You found it on level 4 of the Dungeon)

   It poisons the flesh of those it strikes.
   It affects your strength (+4).
   It affects your intelligence (+4).
   It lets you go berserk.
 f - a +0 short sword
 g - a +0 club
 p - a +0 long sword
 q - a +0 war axe
 w - a +2 quarterstaff of chaos
   (You took it off Crazy Yiuf on level 3 of the Dungeon)
 y - a +0 dagger
Missiles
 d - 122 arrows
 o - 3 tomahawks (quivered)
 v - 23 sling bullets
Armour
 e - a +0 robe
 n - a +0 pair of gloves (worn)
 B - a +1 robe of positive energy (worn)
   (You found it on level 4 of the Dungeon)
 C - a +1 cloak (worn)
Jewellery
 I - a ring of see invisible (right hand)
   (You found it on level 3 of the Dungeon)
 P - a ring of poison resistance (left hand)
   (You found it on level 2 of the Dungeon)
Scrolls
 h - a scroll of blinking {unknown}
 i - a scroll of fog
 r - 2 scrolls of remove curse
 s - a scroll of fear
 t - a scroll of teleportation
Potions
 j - a potion of might
 k - a potion of magic
 m - a potion of cancellation
 u - a potion of invisibility
 x - a potion of ambrosia
Comestibles
 c - 13 rations


   Skills:
 + Level 3.0 Fighting
 + Level 3.0 Short Blades
 + Level 3.0 Long Blades
 + Level 3.0 Axes
 + Level 3.0 Maces & Flails
 + Level 3.0 Polearms
 + Level 3.0 Staves
 + Level 3.0 Slings
 + Level 3.0 Bows
 + Level 3.0 Crossbows
 + Level 3.0 Throwing
 + Level 3.0 Armour
 + Level 5.5 Dodging
 + Level 5.2 Stealth
 + Level 3.0 Shields
 + Level 3.0 Unarmed Combat
 + Level 5.9 Spellcasting
 + Level 2.4 Conjurations
 + Level 2.4 Hexes
 + Level 2.4 Charms
 + Level 7.5 Summonings
 + Level 2.4 Necromancy
 + Level 2.4 Translocations
 + Level 2.4 Transmutations
 + Level 2.4 Fire Magic
 + Level 2.4 Ice Magic
 + Level 2.4 Air Magic
 + Level 2.4 Earth Magic
 + Level 2.4 Poison Magic
 + Level 3.3 Invocations
 + Level 3.0 Evocations


You had 8 spell levels left.
You knew the following spells:

 Your Spells              Type           Power        Failure   Level  Hunger
a - Summon Small Mammal   Summ           ####         1%          1    None
c - Call Canine Familiar  Summ           #####...     1%          3    #......
i - Call Imp              Summ           #####...     1%          2    None
L - Summon Lightning Spi  Summ/Air       ####....     10%         4    ###....

Your spell library contained the following spells:

 Spells                   Type           Power        Failure   Level  Hunger
 Summon Guardian Golem    Hex/Summ       ####....     3%          3    #......
 Summon Ice Beast         Ice/Summ       ####....     10%         4    ###....


Dungeon Overview and Level Annotations

Branches:
Dungeon (6/15)
 Temple: D:4-7

Altars:
Fedhas
Hepliaklqana
Ru
Wu Jian
Xom
Zin
The Shining One

Shops:
D:5 ((


Innate Abilities, Weirdness & Mutations

Your experience applies equally to all skills.
You have very sharp teeth.
Your uncanny sense of smell can sniff out nearby items.


Message History

The orc is moderately wounded.
The orc closely misses you.
You sock the orc!
You kill the orc!
Unknown command.
Found an escape hatch in the ceiling.
Things that are here:
a +0 flail; an orc corpse
Found a ring of poison resistance.
Found 21 arrows.
Unknown command.
You are feeling hungry.
You see here 21 arrows.
d - 122 arrows (gained 21)
The orc wizard casts a spell at you. The puff of flame misses you.
Found 2 scrolls of identify.
You see here 2 scrolls of identify.
As you read the scroll of identify, it crumbles to dust.
s - a scroll of teleportation Unknown command.
You see here a scroll of identify.
Throwing (i - inventory)
o - 3 tomahawks (quivered)
Press: ? - help, Shift-Dir - straight line, f - orc wizard
Aim: an orc wizard, wielding a +0 dagger and wearing a +0 robe You throw a tomahawk.
The tomahawk closely misses the orc wizard.
The orc wizard gestures at you while chanting.
The magic dart hits you!
* * * LOW HITPOINT WARNING * * *
The orc wizard begins to cast a cantrip, but forgets the words!
The orc wizard points at you and mumbles some strange words.
The magic dart hits you!
* * * LOW HITPOINT WARNING * * *
The orc wizard hits you but does no damage.
You barely miss the orc wizard. The orc wizard misses you.
The orc wizard casts a spell at you. The puff of frost hits you!
* * * LOW HITPOINT WARNING * * *
You hit the orc wizard.
The orc wizard is poisoned.
The orc wizard is moderately wounded.
The orc wizard hits you but does no damage.
You feel better.
The orc wizard hits you but does no damage.
Unknown command.
You closely miss the orc wizard.
You bite the orc wizard, but do no damage.
The orc wizard is moderately wounded.
The orc wizard points at you and mumbles some strange words.
The puff of frost misses you.
You sock the orc wizard!
The orc wizard looks as sick as possible!
The orc wizard is almost dead.
You kill the orc wizard!
Things that are here:
a +0 dagger; a +0 robe; a tomahawk
o - 3 tomahawks (gained 1)
You see here a scroll of identify.
As you read the scroll of identify, it crumbles to dust.
i - a scroll of fog
Okay, then.
Adjust (i)tems, (s)pells, or (a)bilities?
Adjust which item? (? for menu, Esc to quit)
s - a scroll of teleportation Adjust to which letter? (? for menu, Esc to quit)
t - a scroll of teleportation;
s - a scroll of fear A killer bee zombie comes into view.
Unknown command.
Casting: Summon Lightning Spire (safe; 10% risk of failure)
Confirm with . or Enter, or press ? or * to list all spells.
Aiming: Summon Lightning Spire (safe; 10% risk of failure)
Press: ? - help, Dir - move target cursor An electric hum fills the air.
Unknown command.
The killer bee zombie barely misses you.
You thump the killer bee zombie!
The killer bee zombie is heavily damaged.
The killer bee zombie hits you.
* * * LOW HITPOINT WARNING * * *
The killer bee zombie misses you.
Your lightning spire shoots out a bolt of lightning at the killer bee zombie!
The bolt of electricity hits the killer bee zombie.
You hit the killer bee zombie but do no damage.
The killer bee zombie is almost destroyed.
The killer bee zombie barely misses you.
The killer bee zombie closely misses you.
The killer bee zombie hits you.
* * * LOW HITPOINT WARNING * * *
You barely miss the killer bee zombie.
The killer bee zombie is almost destroyed.
The killer bee zombie hits you.
* * * LOW HITPOINT WARNING * * *
The killer bee zombie hits you.
* * * LOW HITPOINT WARNING * * *
You closely miss the killer bee zombie.
The killer bee zombie is almost destroyed.
The killer bee zombie hits you.
* * * LOW HITPOINT WARNING * * *
The killer bee zombie hits you.
You die...

#######.=<...
#######...##.....#
#.)...............
#.#####...##..####
#.# ######..# #.#
...# #.# .#.#
..#####8#### . .#
#......@Z..# #. .#
#.#####.##.# ..
#.#...# #...Z...
###...#.# #Z......
#..##.### ∆ ∆ ...#
. ...# .


You could see a killer bee zombie and a friendly lightning spire.

Vanquished Creatures
  A water moccasin (D:5)
  An orc warrior (D:5)
  An ogre (D:5)
  A howler monkey (D:4)
  A crimson imp (D:5)
  Crazy Yiuf (D:3)
  An orc priest (D:5)
  A centaur skeleton (D:4)
  A bullfrog skeleton (D:5)
  2 orc wizards
  2 adders (D:3)
  A worm (D:3)
  A dart slug (D:3)
  3 leopard geckos
  5 orcs
  2 giant cockroaches (D:3)
  3 goblins
  4 jackals
  2 quokkas
  A ball python (D:4)
  A bat (D:2)
  2 frilled lizards
  3 kobolds
  A leopard gecko skeleton (D:5)
  A rat (D:3)
43 creatures vanquished.

Vanquished Creatures (collateral kills)
  A hippogriff (D:4)
  An ice beast (D:5)
  An ogre (D:5)
  A phantom (D:4)
  A big kobold (D:5)
  A centaur zombie (D:5)
  A centaur skeleton (D:4)
  4 orc priests
  2 orc wizards
  2 worker ants (D:4)
  6 adders
  3 leopard geckos
  11 orcs
  5 bats
  2 giant cockroaches (D:2)
  5 goblins
  7 hobgoblins
  4 jackals
  6 kobolds
  3 frilled lizards
  4 rats
71 creatures vanquished.

Grand Total: 114 creatures vanquished

Notes
Turn   | Place    | Note
-------+----------+-------------------------------------------
     0 | D:1      | tidbits the Gnoll Summoner began the quest for the Orb.
     0 | D:1      | Reached XP level 1. HP: 13/13 MP: 6/6
   176 | D:1      | Reached XP level 2. HP: 19/19 MP: 5/7
   180 | D:1      | Learned a level 2 spell: Call Imp
   222 | D:2      | Found a hazy altar of Hepliaklqana.
   346 | D:2      | Found an ornate altar of the Wu Jian Council.
   393 | D:2      | Reached XP level 3. HP: 21/25 MP: 3/9
   402 | D:2      | Reached skill level 5 in Spellcasting
   418 | D:2      | Learned a level 3 spell: Call Canine Familiar
   591 | D:2      | Reached skill level 1 in Invocations
   643 | D:3      | Reached skill level 1 in Fighting
   643 | D:3      | Reached skill level 1 in Short Blades
   643 | D:3      | Reached skill level 1 in Long Blades
   643 | D:3      | Reached skill level 1 in Axes
   643 | D:3      | Reached skill level 1 in Maces & Flails
   643 | D:3      | Reached skill level 1 in Polearms
   643 | D:3      | Reached skill level 1 in Staves
   643 | D:3      | Reached skill level 1 in Slings
   643 | D:3      | Reached skill level 1 in Bows
   643 | D:3      | Reached skill level 1 in Crossbows
   643 | D:3      | Reached skill level 1 in Throwing
   643 | D:3      | Reached skill level 1 in Armour
   643 | D:3      | Reached skill level 1 in Shields
   643 | D:3      | Reached skill level 1 in Unarmed Combat
   643 | D:3      | Reached skill level 1 in Evocations
   674 | D:3      | Reached XP level 4. HP: 32/32 MP: 6/11
   680 | D:3      | Learned a level 4 spell: Summon Lightning Spire
   788 | D:4      | Noticed a hippogriff
   799 | D:4      | Killed a hippogriff
   799 | D:4      | Reached skill level 1 in Conjurations
   799 | D:4      | Reached skill level 1 in Hexes
   799 | D:4      | Reached skill level 1 in Charms
   799 | D:4      | Reached skill level 1 in Necromancy
   799 | D:4      | Reached skill level 1 in Translocations
   799 | D:4      | Reached skill level 1 in Transmutations
   799 | D:4      | Reached skill level 1 in Fire Magic
   799 | D:4      | Reached skill level 1 in Ice Magic
   799 | D:4      | Reached skill level 1 in Air Magic
   799 | D:4      | Reached skill level 1 in Earth Magic
   799 | D:4      | Reached skill level 1 in Poison Magic
   799 | D:4      | Reached XP level 5. HP: 19/37 MP: 6/12
   805 | D:4      | Noticed a phantom
   876 | D:4      | Killed a phantom
   876 | D:4      | Reached skill level 2 in Invocations
   876 | D:4      | Reached XP level 6. HP: 19/44 MP: 1/13
   973 | D:4      | Reached skill level 5 in Dodging
  1025 | D:4      | Reached skill level 2 in Fighting
  1025 | D:4      | Reached skill level 2 in Short Blades
  1025 | D:4      | Reached skill level 2 in Long Blades
  1025 | D:4      | Reached skill level 2 in Axes
  1025 | D:4      | Reached skill level 2 in Maces & Flails
  1025 | D:4      | Reached skill level 2 in Polearms
  1025 | D:4      | Reached skill level 2 in Staves
  1025 | D:4      | Reached skill level 2 in Slings
  1025 | D:4      | Reached skill level 2 in Bows
  1025 | D:4      | Reached skill level 2 in Crossbows
  1025 | D:4      | Reached skill level 2 in Throwing
  1025 | D:4      | Reached skill level 2 in Armour
  1025 | D:4      | Reached skill level 2 in Shields
  1025 | D:4      | Reached skill level 2 in Unarmed Combat
  1025 | D:4      | Reached skill level 2 in Evocations
  1064 | D:4      | Got a slimy quarterstaff
  1065 | D:4      | Identified the +5 quarterstaff of Revolt {venom, +Rage
                  | Str+4 Int+4} (You found it on level 4 of the Dungeon)
  1071 | D:4      | Found a shimmering altar of Xom.
  1074 | D:4      | Found a sacrificial altar of Ru.
  1076 | D:4      | Found a glowing golden altar of the Shining One.
  1223 | D:4      | Found a glowing silver altar of Zin.
  1393 | D:3      | Found a runed door.
  1397 | D:3      | Noticed Crazy Yiuf
  1401 | D:3      | Killed Crazy Yiuf
  1401 | D:3      | Reached XP level 7. HP: 50/50 MP: 15/15
  1523 | D:5      | Entered Level 5 of the Dungeon
  1580 | D:5      | Reached skill level 2 in Conjurations
  1580 | D:5      | Reached skill level 2 in Hexes
  1580 | D:5      | Reached skill level 2 in Charms
  1580 | D:5      | Reached skill level 2 in Necromancy
  1580 | D:5      | Reached skill level 2 in Translocations
  1580 | D:5      | Reached skill level 2 in Transmutations
  1580 | D:5      | Reached skill level 2 in Fire Magic
  1580 | D:5      | Reached skill level 2 in Ice Magic
  1580 | D:5      | Reached skill level 2 in Air Magic
  1580 | D:5      | Reached skill level 2 in Earth Magic
  1580 | D:5      | Reached skill level 2 in Poison Magic
  1643 | D:5      | Reached skill level 5 in Stealth
  1690 | D:5      | Reached skill level 3 in Invocations
  1757 | D:5      | Reached XP level 8. HP: 57/57 MP: 5/16
  1762 | D:5      | Found Usches's Weapon Shoppe.
  1764 | D:5      | Found a blossoming altar of Fedhas.
  1772 | D:5      | Bought a +0 dagger of venom for 66 gold pieces
  1772 | D:5      | Found Ethepil's Antique Weapon Shop.
  1833 | D:5      | Reached skill level 3 in Fighting
  1833 | D:5      | Reached skill level 3 in Short Blades
  1833 | D:5      | Reached skill level 3 in Long Blades
  1833 | D:5      | Reached skill level 3 in Axes
  1833 | D:5      | Reached skill level 3 in Maces & Flails
  1833 | D:5      | Reached skill level 3 in Polearms
  1833 | D:5      | Reached skill level 3 in Staves
  1833 | D:5      | Reached skill level 3 in Slings
  1833 | D:5      | Reached skill level 3 in Bows
  1833 | D:5      | Reached skill level 3 in Crossbows
  1833 | D:5      | Reached skill level 3 in Throwing
  1833 | D:5      | Reached skill level 3 in Armour
  1833 | D:5      | Reached skill level 3 in Shields
  1833 | D:5      | Reached skill level 3 in Unarmed Combat
  1833 | D:5      | Reached skill level 3 in Evocations
  1890 | D:6      | HP: 4/58 [killer bee zombie (4)]
  1891 | D:6      | HP: 1/58 [killer bee zombie (3)]
  1891 | D:6      | Slain by a killer bee zombie

Vault maps used:
D:1:      ncdulo_wetmaze
D:2:      lemuel_crystal_altar, lemuel_doored_altar, first_ration
D:3:      uniq_crazy_yiuf_cottage
D:4:      minmay_clustersquares, kennysheep_mini, grunt_temple_overflow_open,
          minmay_misc_feat_cross
D:5:      fedhas_altar_1, serial_shops, shop_statue, shop,
          nicolae_shop_statue_plus
D:6:      minmay_temple_entry_drinking_statues, minivault_19,
          chequers_big_river, amethyst_killhole, uniq_menkaure

Skill      XL: |  1  2  3  4  5  6  7  8 |
---------------+-------------------------+-----
Spellcasting   | 5 |  5.9
Invocations    | 1 2 3 |  3.3
Fighting       | 1 2 3 |  3.0
Short Blades   | 1 2 3 |  3.0
Long Blades    | 1 2 3 |  3.0
Axes           | 1 2 3 |  3.0
Maces & Flails | 1 2 3 |  3.0
Polearms       | 1 2 3 |  3.0
Staves         | 1 2 3 |  3.0
Slings         | 1 2 3 |  3.0
Bows           | 1 2 3 |  3.0
Crossbows      | 1 2 3 |  3.0
Throwing       | 1 2 3 |  3.0
Armour         | 1 2 3 |  3.0
Shields        | 1 2 3 |  3.0
Unarmed Combat | 1 2 3 |  3.0
Evocations     | 1 2 3 |  3.0
Conjurations   | 1 2 |  2.4
Hexes          | 1 2 |  2.4
Charms         | 1 2 |  2.4
Necromancy     | 1 2 |  2.4
Translocations | 1 2 |  2.4
Transmutations | 1 2 |  2.4
Fire Magic     | 1 2 |  2.4
Ice Magic      | 1 2 |  2.4
Air Magic      | 1 2 |  2.4
Earth Magic    | 1 2 |  2.4
Poison Magic   | 1 2 |  2.4
Dodging        | 5 |  5.5
Stealth        | 5 |  5.2
Summonings     | |  7.5

Action                   |  1- 3 |  4- 6 |  7- 9 || total
-------------------------+-------+-------+-------++-------
Melee: Club              |     7 |       |       ||     7
       Short sword       |    37 |    24 |       ||    61
       Bite              |     4 |     4 |     3 ||    11
       Dagger            |       |    11 |     4 ||    15
       Quarterstaff      |       |    18 |    37 ||    55
       Long sword        |       |     1 |       ||     1
Throw: Tomahawk          |       |       |    13 ||    13
 Cast: Summon Small Mamm |    27 |       |       ||    27
       Call Imp          |     7 |       |       ||     7
       Call Canine Famil |     5 |     5 |       ||    10
       Summon Lightning  |       |     6 |    10 ||    16
  Use: Scroll            |       |     5 |     7 ||    12
       Potion            |       |       |     1 ||     1
 Stab: Sleeping          |     4 |     4 |     2 ||    10
       Distracted        |       |     2 |     1 ||     3
  Eat: Chunk             |       |     2 |       ||     2
       Ration            |       |     1 |       ||     1
Armor: Robe              |     8 |     9 |     7 ||    24
Dodge: Dodged            |    53 |    55 |    29 ||   137

Table legend:
 A = Non-vault XP
 B = Vault XP
 C = Vault XP percentage of total XP
 D = Non-vault monster count
 E = Vault monster count
 F = Vault count percentage of total count
                 A         B        C        D         E       F
            +---------+---------+-------+---------+---------+-------
      Total |    1239 |     192 |  13.4 |     106 |       8 |   7.0
            +---------+---------+-------+---------+---------+-------
        D:1 |      14 |       0 |   0.0 |      12 |       0 |   0.0
        D:2 |      50 |       0 |   0.0 |      22 |       0 |   0.0
        D:3 |     116 |      42 |  26.6 |      25 |       1 |   3.8
        D:4 |     280 |     150 |  34.9 |      14 |       7 |  33.3
        D:5 |     736 |       0 |   0.0 |      31 |       0 |   0.0
        D:6 |      43 |       0 |   0.0 |       2 |       0 |   0.0
            +---------+---------+-------+---------+---------+-------

Table legend:
 A = Turns spent in this place as a percentage of turns spent in the entire game.
 B = Non-inter-level travel turns spent in this place as a percentage of non-inter-level travel turns spent in the entire game.
 C = Inter-level travel turns spent in this place as a percentage of turns spent in this place.
 D = Turns resting spent in this place as a percentage of non-inter-level travel turns spent in this place.
 E = Turns spent auto-exploring this place as a percentage of non-inter-level travel turns spent in this place.
 F = Non-inter-level travel turns spent in this place divided by the number of levels of this place that you've seen.
                   A       B       C       D       E      F
               +-------+-------+-------+-------+-------+----------------------
         Total | 100.0 | 100.0 |   0.0 |   0.0 |   0.0 | 315.2
       Dungeon | 100.0 | 100.0 |   0.0 |   0.0 |   0.0 | 315.2
               +-------+-------+-------+-------+-------+----------------------

Table legend:
 A = Kills in this place as a percentage of kills in entire the game.
 B = Kills by you in this place as a percentage of kills by you in the entire game.
 C = Kills by friends in this place as a percentage of kills by friends in the entire game.
 D = Other kills in this place as a percentage of other kills in the entire game.
 E = Experience gained in this place as a percentage of experience gained in the entire game.
 F = Experience gained in this place divided by the number of levels of this place that you have seen.
                   A       B       C       D       E      F
               +-------+-------+-------+-------+-------+----------------------
         Total | 100.0 | 100.0 | 100.0 |   N/A | 100.0 | 238.5
       Dungeon | 100.0 | 100.0 | 100.0 |   N/A | 100.0 | 238.5
               +-------+-------+-------+-------+-------+----------------------

Vault maps used:
D:1:      ncdulo_wetmaze
D:2:      lemuel_crystal_altar, lemuel_doored_altar, first_ration
D:3:      uniq_crazy_yiuf_cottage
D:4:      minmay_clustersquares, kennysheep_mini, grunt_temple_overflow_open,
          minmay_misc_feat_cross
D:5:      fedhas_altar_1, serial_shops, shop_statue, shop,
          nicolae_shop_statue_plus
D:6:      minmay_temple_entry_drinking_statues, minivault_19,
          chequers_big_river, amethyst_killhole, uniq_menkaure
